 Dungeon Crawl Stone Soup version 0.31.0-9-g3a7656b989 (webtiles) character file.

Game seed: 7960293313115149424

15 qw the Shooter (level 2, -1/14 HPs)
             Began as a Spriggan Hunter on Feb 2, 2024.
             Slain by a ribbon worm (6 damage)
             ... on level 2 of the Dungeon.
             The game lasted 00:00:01 (695 turns).

qw the Shooter (Spriggan Hunter)                     Turns: 695, Time: 00:00:01

Health: -1/14      AC:  2    Str:  7    XL:     2   Next: 34%
Magic:  3/3        EV: 19    Int: 10    God:
Gold:   17         SH:  0    Dex: 18    Spells: 1/1 levels left

rFire   . . .        a - +0 shortbow
rCold   . . .        (shield currently unavailable)
rNeg    . . .        c - +0 robe
rPois   .            (helmet restricted)
rElec   .            (no cloak)
rCorr   .            (gloves unavailable)
SInv    +            (boots unavailable)
Will    .....        (no amulet)
Stlth   ++           (no ring)
HPRegen 0.22/turn    (no ring)
MPRegen 0.08/turn

%: no passive effects
@: very quick
A: very small, no large weapons, unfitting armour, see invisible, speed 3
a: no special abilities


You were on level 2 of the Dungeon.
You visited 1 branch of the dungeon, and saw 2 of its levels.

You collected 17 gold pieces.


Innate Abilities, Weirdness & Mutations

You are very small and have problems with some larger weapons.
You are too small for most types of armour.
You have supernaturally acute eyesight. (SInv)
You cover ground extremely quickly. (Speed+++)


   Skills:
 - Level 1.5 Fighting
 + Level 4.0 Ranged Weapons
 - Level 4.0 Dodging
 - Level 1.5 Stealth


You had one spell level left.
You didn't know any spells.
Your spell library was empty.

Inventory:

Hand Weapons
 a - a +0 shortbow (weapon)
Armour
 c - a +0 robe (worn)

Dungeon Overview and Level Annotations

Branches:
Dungeon (2/15)

Altars:

Annotations:
D:2 Terence


Message History

You shoot an arrow. The arrow hits the hobgoblin!
You kill the hobgoblin!
Found an escape hatch in the ceiling.
You now have 17 gold pieces (gained 12).
You see here a hobgoblin corpse.
Found a faded altar of an unknown god.
Enter note:
Enter note: Terence the Incautious comes into view.
He is wielding a +1 flail of protection.
Found a leather armour.
Terence is attracted toward you.
You shoot an arrow.
The arrow hits Terence but does no damage.
Terence shouts!
A ribbon worm comes into view.
Terence is attracted toward you.
The ribbon worm is attracted toward you.
You shoot an arrow. The arrow hits Terence.
Terence is moderately wounded.
Terence barely misses you. Terence misses you.
You shoot an arrow. The arrow hits Terence.
Terence is moderately wounded.
Terence closely misses you.
You shoot an arrow.
The arrow hits Terence but does no damage.
Terence is moderately wounded.
Terence closely misses you.
The ribbon worm expels a string of sticky webbing.
The stream of webbing hits you but does no damage.
You are caught in a web!
You feel less attractive to monsters.
You struggle to detach yourself from the web.
Terence closely misses you.
The ribbon worm expels a string of sticky webbing.
The stream of webbing hits you but does no damage.
You are even more entangled.
You struggle to detach yourself from the web.
Terence hits you with a +1 flail of protection!
Ouch! That really hurt!
The web tears apart.
The ribbon worm bites you.
You die...

.........................
........%.....#.##.#..#.#
...##.#.##....#.#........
.....................~~~~
...................~~~~~~
..###.#...........~~~~~~~
..# #.#....#.<#.#.~~~~~~~
..# #.#....#..#.#.~~~####
.. ............@~~~~#
#.#....#...w@~~~~#._.
#.#....#.##.!~~~~#...
..... ....~~~# +# ..#
##...~~~~. .....~~#.[
#.....~.#.. ........#


You could see Terence and a ribbon worm.

Vanquished Creatures
  A ball python (D:1)
  3 endoplasms (D:1)
  A giant cockroach (D:1)
  4 hobgoblins
  3 kobolds (D:1)
12 creatures vanquished.

Notes
Turn   | Place    | Note
-------+----------+-------------------------------------------
     0 | D:1      | qw the Spriggan Hunter began the quest for the Orb.
     0 | D:1      | Reached XP level 1. HP: 10/10 MP: 2/2
     0 | D:1      | 0 ||| qw: Version: 0.3-a-155-g5e7d8dd
     0 | D:1      | 0 ||| qw: Game counter: 192
     0 | D:1      | 0 ||| qw: Melee chars always use a shield: true
     0 | D:1      | 0 ||| qw: God list: Okawaru
     0 | D:1      | 0 ||| qw: Allow faded altars: false
     0 | D:1      | 0 ||| qw: Do Orc after clearing Dungeon:15 true
     0 | D:1      | 0 ||| qw: Do second Lair branch before Depths: true
     0 | D:1      | 0 ||| qw: Lair rune preference: random
     0 | D:1      | 0 ||| qw: Goals: Normal
     0 | D:1      | 0 ||| PLANNING D:1-11
    55 | D:1      | Reached skill level 3 in Dodging
   231 | D:1      | Reached XP level 2. HP: 14/14 MP: 3/3
   636 | D:1      | 636 ||| DRINKING 2 glowing amethyst potions.
   637 | D:1      | 637 ||| DROPPING scroll of butterflies.
   638 | D:1      | 638 ||| DROPPING potion of attraction.
   687 | D:2      | Found a faded altar of an unknown god.
   688 | D:2      | Noticed Terence
   695 | D:2      | Slain by a ribbon worm

Levels and vault maps discovered:
D:1:      dpeg_arrival_shrine, layout_loops_ring, minmay_misc_feat_rows,
          chequers_serial_rivers_micro_b
D:2:      layout_basic, nicolae_ecumenical_lake_church,
          minmay_misc_feat_diagonals, uniq_terence

Skill      XL: |  1  2 |
---------------+-------+-----
Dodging        | 3 4 |  4.0
Fighting       | |  1.5
Ranged Weapons | |  4.0
Stealth        | |  1.5

Action                     || total
---------------------------++-------
   Fire: Shortbow          ||    30
    Use: Potion            ||     1
 Armour: Robe              ||     2
  Dodge: Dodged            ||     6

Table legend:
 A = Non-vault XP
 B = Vault XP
 C = Vault XP percentage of total XP
 D = Non-vault monster count
 E = Vault monster count
 F = Vault count percentage of total count
                 A         B        C        D         E       F
            +---------+---------+-------+---------+---------+-------
      Total |      22 |       0 |   0.0 |      12 |       0 |   0.0
            +---------+---------+-------+---------+---------+-------
        D:1 |      20 |       0 |   0.0 |      11 |       0 |   0.0
        D:2 |       2 |       0 |   0.0 |       1 |       0 |   0.0
            +---------+---------+-------+---------+---------+-------
